 Seeded DCSS version 0.29.1-2-gbd0b4ee654 (webtiles) character file.

Game seed: 1 (custom seed)

6409 Kazon the Trooper (level 10, 0/52 (55) HPs)
             Began as a Vine Stalker Fighter on Nov 9, 2022.
             Was a Follower of Makhleb.
             Slain by a two-headed ogre
             ... wielding a +0 giant club
              (19 damage)
             ... on level 9 of the Dungeon.
             The game lasted 00:37:06 (7127 turns).

Kazon the Trooper (Vine Stalker Fighter)            Turns: 7127, Time: 00:37:07

HP:   0/52 (55)     AC: 11    Str: 21    XL:     10   Next: 98%
MP:   0/21          EV: 28    Int:  8    God:    Makhleb [*.....]
Gold: 404           SH:  6    Dex: 16    Spells: 9/9 levels left

rFire   . . .      SeeInvis .   s - +3 falchion of Winter {venom, rCorr}
rCold   + . .      Faith    .   c - +0 buckler
rNeg    + . .      Spirit   +   F - +3 leather armour {rC+}
rPois   .          Reflect  .   j - +0 helmet
rElec   .          Harm     .   (no cloak)
rCorr   +          Rampage  .   (no gloves)
Will    +....                   l - +2 pair of boots
Stlth   +++.......              o - amulet of the acrobat
HPRegen 0.97/turn               t - ring of positive energy
MPRegen 0.17/turn               B - ring of magical power

@: acrobatic, studying Short Blades, drained
A: fangs 3, regeneration 1, magic shield, antimagic bite, no potion heal 2
a: Renounce Religion


You were on level 9 of the Dungeon.
You worshipped Makhleb.
Makhleb was aware of your devotion.
You visited 2 branches of the dungeon, and saw 10 of its levels.

You collected 630 gold pieces.
You spent 226 gold pieces at shops.

Inventory:

Hand Weapons
 a - a +1 long sword of protection
 e - a +1 rapier of speed
 s - the +3 falchion of Winter (weapon) {venom, rCorr}
   (You bought it in a shop on level 3 of the Dungeon)

   It poisons the flesh of those it strikes.
   rCorr:     It protects you from acid and corrosion.
Missiles
 h - 8 poisoned darts
 n - a stone
 r - a throwing net
 y - 13 boomerangs (quivered)
 H - a curare-tipped dart
Armour
 c - a +0 buckler (worn)
 j - a +0 helmet (worn)
 l - a +2 pair of boots (worn)
 F - a +3 leather armour of cold resistance (worn)
Jewellery
 b - a ring of protection from cold
 o - an amulet of the acrobat (around neck)
 t - a ring of positive energy (left hand)
 B - a ring of magical power (right hand)
 N - a ring of protection from cold
Wands
 z - a wand of mindburst (17)
 E - a wand of flame (12)
 I - a wand of paralysis (15)
 J - a wand of roots (6)
Scrolls
 i - 5 scrolls of identify
 m - 2 scrolls of immolation {unknown}
 p - a scroll of poison {unknown}
 q - 3 scrolls of fog {unknown}
 u - 2 scrolls of noise {unknown}
 v - 3 scrolls of teleportation
 x - a scroll of magic mapping {unknown}
 A - 2 scrolls of enchant weapon {unknown}
 C - 3 scrolls of fear {unknown}
 K - a scroll of summoning {unknown}
 M - a scroll of amnesia {unknown}
Potions
 d - 2 potions of might
 f - 2 potions of haste
 g - 3 potions of flight
 k - 4 potions of berserk rage
 w - 5 potions of lignification
 D - 2 potions of cancellation
 G - 2 potions of curing
Miscellaneous
 L - a condenser vane


   Skills:
 * Level 7.1 Fighting
 + Level 6.4(7.9) Short Blades
 + Level 7.0(8.2) Long Blades
 + Level 4.5 Throwing
 + Level 5.6 Armour
 + Level 4.2 Dodging
 + Level 6.5 Stealth
 + Level 5.6 Shields
 * Level 2.0 Invocations
 * Level 3.9 Evocations


You had 9 spell levels left.
You didn't know any spells.
Your spell library contained the following spells:

 Spells                   Type           Power      Damage    Failure   Level
 Apportation              Tloc           0%         N/A       54%         1
 Magic Dart               Conj           0%         1d3       54%         1
 Necrotise                Necr           0%         1d4       54%         1
 Sting                    Tmut/Pois      0%         1d3       54%         1
 Summon Small Mammal      Summ           0%         N/A       54%         1
 Call Imp                 Summ           0%         N/A       67%         2
 Poisonous Vapours        Pois/Air       0%         N/A       67%         2
 Mephitic Cloud           Conj/Pois/Air  0%         N/A       88%         3
 Ozocubu's Armour         Ice            0%         N/A       88%         3
 Olgreb's Toxic Radiance  Pois           0%         N/A       99%         4
 Fireball                 Conj/Fire      0%         3d3       100%        5
 Iskenderun's Battlesphe  Conj           0%         2d6       100%        5
 Metabolic Englaciation   Hex/Ice        0%         N/A       100%        5
 Conjure Ball Lightning   Conj/Air       0%         3x3d6     100%        6
 Simulacrum               Ice/Necr       0%         N/A       100%        6
 Orb of Destruction       Conj           0%         9d5       100%        7


Dungeon Overview and Level Annotations

Branches:
Dungeon (9/15)             Temple (1/1) D:7
   Lair: D:8-11         Orc: D:9-12

Altars:
Ashenzari
Elyvilon
Gozag
Hepliaklqana
Makhleb
Okawaru
Qazlal
Uskayaw

Shops:
D:3 (   D:8 ?(==


Innate Abilities, Weirdness & Mutations

You have razor-sharp teeth.
Your natural rate of healing is unusually fast.
When hurt, damage is shared between your health and your magic reserves.
Your bite disrupts and absorbs the magic of your enemies.
Potions cannot restore your health.


Message History

The orc barely misses you.
You closely miss the orc. You bite the orc!
You kill the orc!
Makhleb accepts your kill.
You feel better.
Your Invocations skill increases to level 2!
You see here a +0 trident.
The +3 falchion of Winter {venom, rCorr} begins to drip with poison!
s - the +3 falchion of Winter (weapon)
{venom, rCorr}
Aiming: Paralyse
Press: ? - help, Shift-Dir - straight line, f - two-headed ogre
Aim: a two-headed ogre, wielding two +0 giant clubs (chance to affect: 41%)
The two-headed ogre resists with some effort.
You slash the two-headed ogre!
The two-headed ogre is poisoned.
Your bite misses the two-headed ogre.
The two-headed ogre is lightly wounded.
The two-headed ogre hits you with a +0 giant club!
The two-headed ogre barely misses you.
You hit the two-headed ogre but do no damage.
The two-headed ogre looks as sick as possible!
The two-headed ogre is moderately wounded.
You hit the two-headed ogre but do no damage.
The two-headed ogre is moderately wounded.
The two-headed ogre hits you with a +0 giant club.
The two-headed ogre misses you.
You barely miss the two-headed ogre.
The two-headed ogre is moderately wounded.
You slash the two-headed ogre!
The two-headed ogre looks as sick as possible!
The two-headed ogre is heavily wounded.
The two-headed ogre hits you with a +0 giant club!
The two-headed ogre hits you with a +0 giant club!!
You see here a +0 trident.
The two-headed ogre attacks as you move away!
The two-headed ogre misses you. The two-headed ogre barely misses you.
You see here 7 stones.
The two-headed ogre attacks as you move away!
The two-headed ogre completely misses you.
The two-headed ogre hits you with a +0 giant club!!
You die...

## ###.## #....#.## ##........
##.).# .... ##.))##......
#.(O.##...... #.@..#...... #.....
#..####...####.....
#....##.....[......
###.>.)............ ####
###.............. #..###
##.............. ##### #....#
#####...............
....###..#####..#................
.....##...#.#..)..............>..


You could see a two-headed ogre (extremely poisoned).

Vanquished Creatures
  Maggie (D:6)
  Prince Ribbit (D:9)
  A shadow (D:9)
  A yak (D:6)
  2 wyverns
  Eustachio (D:5)
  2 steam dragons
  Menkaure (D:5)
  Edmund (D:6)
  4 water moccasins
  4 orc warriors
  An ice beast (D:8)
  5 sky beasts
  2 black bears (D:6)
  4 centaurs
  An ogre (D:6)
  2 phantoms (D:6)
  2 kobold brigands
  3 necrophages
  A bullfrog (D:7)
  A gnoll sergeant (D:7)
  5 scorpions
  14 wights
  A howler monkey (D:5)
  2 jellies (D:6)
  A hound (D:4)
  7 orc priests
  A gnoll bouda (D:7)
  6 iguanas
  2 orc wizards (D:9)
  Robin (D:3)
  15 gnolls
  13 adders
  3 shadow imps
  2 white imps (D:7)
  An ufetubus (D:5)
  3 worms
  33 orcs
  11 endoplasms
  A giant cockroach (D:1)
  16 goblins
  8 hobgoblins
  A jackal (D:4)
  17 kobolds
  A quokka (D:1)
  5 ball pythons
  4 bats
  3 frilled lizards
  6 rats
224 creatures vanquished.

Vanquished Creatures (others)
  A quokka (D:7)
1 creature vanquished.

Grand Total: 225 creatures vanquished

Notes
Turn   | Place    | Note
-------+----------+-------------------------------------------
     0 | D:1      | Kazon the Vine Stalker Fighter began the quest for the Orb.
     0 | D:1      | Reached XP level 1. HP: 11/11 MP: 2/2
    33 | D:1      | Identified a scroll of acquirement
    33 | D:1      | Acquired a manual of Short Blades
   183 | D:1      | Reached XP level 2. HP: 16/16 MP: 3/3
   944 | D:2      | Reached XP level 3. HP: 11/19 MP: 0/4
  1694 | D:2      | Gained mutation: Your natural rate of healing is unusually
                  | fast. [Vine Stalker growth]
  1694 | D:2      | Reached XP level 4. HP: 24/24 MP: 5/5
  1819 | D:3      | Found Umat's Antique Weapon Boutique.
  1848 | D:3      | Bought a crude falchion for 184 gold pieces
  1848 | D:3      | Identified the +3 falchion of Winter {venom, rCorr} (You
                  | bought it in a shop on level 3 of the Dungeon)
  1910 | D:3      | Reached skill level 1 in Throwing
  1921 | D:3      | Reached XP level 5. HP: 28/28 MP: 6/6
  2237 | D:3      | Noticed Robin
  2245 | D:3      | Killed Robin
  2260 | D:3      | Reached skill level 5 in Short Blades
  2260 | D:3      | Reached skill level 5 in Stealth
  2260 | D:3      | Reached XP level 6. HP: 36/36 MP: 7/7
  2681 | D:4      | Reached XP level 7. HP: 40/40 MP: 8/8
  3118 | D:4      | Reached skill level 5 in Armour
  3166 | D:4      | Found a hazy altar of Hepliaklqana.
  3309 | D:5      | Entered Level 5 of the Dungeon
  3693 | D:5      | Gained mutation: You have razor-sharp teeth. [Vine Stalker
                  | growth]
  3693 | D:5      | Reached XP level 8. HP: 39/44 MP: 7/9
  3720 | D:5      | Reached skill level 1 in Evocations
  3738 | D:5      | Noticed Menkaure
  3743 | D:5      | Killed Menkaure
  3744 | D:5      | Reached skill level 5 in Long Blades
  3931 | D:5      | Noticed Eustachio
  3998 | D:6      | Reached skill level 5 in Shields
  4067 | D:5      | Killed Eustachio
  4068 | D:5      | Reached XP level 9. HP: 38/49 MP: 7/10
  4305 | D:6      | Noticed Maggie
  4316 | D:6      | Killed Maggie
  4713 | D:6      | Noticed Edmund
  4723 | D:6      | Killed Edmund
  4831 | D:6      | Reached XP level 10. HP: 47/53 MP: 11/11
  5158 | D:7      | Found a hide-covered altar of Uskayaw.
  5210 | D:7      | Found a staircase to the Ecumenical Temple.
  5221 | Temple   | Entered the Ecumenical Temple
  5226 | Temple   | Became a worshipper of Makhleb the Destroyer
  5524 | D:7      | Reached skill level 1 in Invocations
  5609 | D:7      | Found a white marble altar of Elyvilon.
  5773 | D:8      | Found Quzidd's Magic Scroll Emporium.
  5786 | D:8      | Bought a scroll of teleportation for 42 gold pieces
  5932 | D:8      | Found Zoxtaeshakh's Jewellery Boutique.
  5995 | D:8      | Found Heidghoki's Jewellery Shop.
  6332 | D:8      | Found Esumer's Weapon Shop.
  6609 | D:9      | Reached * piety under Makhleb
  6791 | D:9      | Noticed Prince Ribbit
  6799 | D:9      | Killed Prince Ribbit
  7112 | D:9      | Noticed a two-headed ogre
  7127 | D:9      | Slain by a two-headed ogre

Illustrated notes

Levels and vault maps discovered:
D:1:      dpeg_arrival_three_smaller_balls, layout_basic
D:2:      layout_loops_ring
D:3:      layout_basic, serial_shops, nicolae_shop_stone, st_stairs_9,
          minmay_misc_feat_doors, eino_curves_03, uniq_robin
D:4:      minmay_wonky_spiral, layout_basic,
          mainiacjoe_overflow_surrounded_room, minivault_5
D:5:      layout_cave_pods, uniq_menkaure, uniq_eustachio
D:6:      cheibrodos_barr_body, layout_basic, minmay_crystal_room,
          minmay_pentangle, uniq_maggie, uniq_edmund
D:7:      layout_cave_pools, nicolae_uskayaw_murder_on_the_dancefloor,
          elyvilon_altar_4, minmay_temple_entry_purple_smoke
D:8:      layout_basic, serial_shops, shop_statue, kennysheep_little_box, shop,
          nicolae_shop_window_shopping
D:9:      layout_cave_pools, uniq_prince_ribbit1
Temple:   nicolae_temple_bog_church

Skill      XL: |  1  2  3  4  5  6  7  8  9 10 |
---------------+-------------------------------+-----
Long Blades    | 2 3 4 5 6 7 |  7.0
Fighting       | 3 6 7 |  7.1
Throwing       | 1 3 4 |  4.5
Armour         | 3 4 5 |  5.6
Shields        | 4 5 |  5.6
Short Blades   | 5 6 |  6.4
Dodging        | 3 4 |  4.2
Stealth        | 5 6 |  6.5
Evocations     | 2 3 |  3.9
Invocations    | 2 |  2.0

Action                   |  1- 3 |  4- 6 |  7- 9 | 10-12 || total
-------------------------+-------+-------+-------+-------++-------
Melee: Long sword        |    70 |       |       |    41 ||   111
       Bite              |    13 |    29 |    77 |    70 ||   189
       Dagger            |    13 |   108 |    72 |       ||   193
       Falchion          |       |       |   187 |   108 ||   295
       Rapier            |       |       |     4 |    97 ||   101
Throw: Stone             |     3 |    15 |    38 |    53 ||   109
       Boomerang         |       |       |     2 |    19 ||    21
Evoke: Wand              |       |       |     3 |     1 ||     4
  Use: Scroll            |     1 |       |     4 |     6 ||    11
       Potion            |       |     1 |     1 |       ||     2
 Stab: Sleeping          |       |       |    10 |    10 ||    20
Armor: Scale mail        |    29 |    34 |    63 |       ||   126
       Leather armour    |       |       |    40 |    38 ||    78
Dodge: Dodged            |    42 |    40 |   144 |   120 ||   346
Block: Buckler           |    17 |    14 |    75 |    41 ||   147
